Map: Ephemeron LE

Players

Mez

  • Race: Terran Terran
  • League: Master
  • Spawn Location: 11:00

Feast - Winner!

  • Race: Terran Terran
  • League: Master
  • Spawn Location: 5:00

VOD

Have the link to the VOD?

Description

Time

  • Played on: Aug. 29, 2019, 8:33 p.m.
  • Length: 3:24
Show
View Real Time Build Order
Export as new Build Order

Mez Terran 

Build Orders: Gas First Reaper Expand 

Get SALT Encoding   

  12  0:02  SCV  
  13  0:14  SCV  
  13  0:18  Supply Depot  
  14  0:26  SCV  
  15  0:28  Refinery  
  15  0:43  Barracks  
  15  0:46  SCV  
  16  0:59  SCV  
  17  1:11  SCV  
  18  1:23  SCV  
  19  1:30  Reaper  
  20  1:35  Orbital Command  
  20  1:48  Command Center  
  20  2:02  SCV  
  20  2:04  Barracks Reactor  
  21  2:11  Factory  
  21  2:15  Supply Depot  
  21  2:16  SCV  
  22  2:25  Refinery  
  22  2:28  SCV  
  23  2:43  SCV  
  24  2:55  SCV  
  24  2:57  Starport, Barracks Tech Lab  
Show
View Real Time Build Order
Export as new Build Order

Feast Terran - Winner!

Build Orders:  

Get SALT Encoding   

  12  0:01  SCV  
  13  0:14  SCV  
  14  0:17  Supply Depot  
  14  0:26  SCV  
  15  0:33  Refinery  
  15  0:39  SCV  
  16  0:44  Barracks  
  16  0:51  SCV  
  16  0:55  Refinery  
  17  1:03  SCV  
  18  1:15  SCV  
  19  1:31  Orbital Command  
  19  1:32  Factory  
  19  1:36  Reaper  
  20  1:55  Supply Depot  
  20  1:56  SCV  
  21  2:08  SCV, Reaper  
  23  2:17  Hellion  
  23  2:20  SCV  
  26  2:27  Command Center  
  26  2:32  SCV  
  27  2:40  Starport  
  27  2:46  Factory Tech Lab, Supply Depot  
  27  2:47  SCV  
  28  2:59  SCV  
Tags
 
Add a new tag
Caveats
  • Supply blocks, unpowered buildings, or Contaminate may cause inaccurate times.
  • Supply counts are checked every 10 seconds.